 Dungeon Crawl Stone Soup version 0.27.1-2-g3b301248ec (webtiles) character file.

Game seed: 9241763514761986442

100 raph the Digger (level 4, 0/24 HPs)
             Began as a Gargoyle Earth Elementalist on Sept 24, 2021.
             Slain by an orc (4 damage)
             ... on level 3 of the Dungeon.
             The game lasted 00:03:29 (2355 turns).

raph the Digger (Gargoyle Earth Elementalist)       Turns: 2355, Time: 00:03:30

Health: 0/24       AC:  5    Str: 18    XL:     4   Next: 74%
Magic:  7/7        EV: 12    Int: 16    God:
Gold:   97         SH:  0    Dex: 10    Spells: 2/8 levels left

rFire    . . .     SeeInvis .   h - +0 hand axe (vamp)
rCold    . . .     Faith    .   (no shield)
rNeg     + . .     Spirit   .   b - +0 robe
rPois    ∞         Reflect  .   a - +0 hat
rElec    +         Harm     .   (no cloak)
rCorr    .         Rampage  .   (no gloves)
Will     .....                  (no boots)
Stlth    +.........             (no amulet)
HPRegen  0.08/turn              n - +6 ring of strength
MPRegen  0.10/turn              (no ring)

@: confused
A: sickness immunity, AC +3, negative energy resistance 1, electricity
resistance, torment resistance 1, petrification resistance
a: no special abilities


You were on level 3 of the Dungeon.
You visited 1 branch of the dungeon, and saw 3 of its levels.

You collected 97 gold pieces.

Inventory:

Hand Weapons
 d - a +0 hand axe
 h - a +0 vampiric hand axe (weapon)
Missiles
 c - 54 stones
 f - 16 poisoned darts
Armour
 a - a +0 hat (worn)
 b - a +0 robe (worn)
Jewellery
 n - a +6 ring of strength (left hand)
Scrolls
 g - 4 scrolls of identify {unknown}
 i - a scroll of enchant armour {unknown}
 m - a scroll of enchant weapon {unknown}
Potions
 e - a potion of lignification {unknown}
 j - a potion of haste {unknown}
 k - a potion of curing {unknown}
 l - a potion of brilliance {unknown}
 o - a potion of degeneration {unknown}


   Skills:
 + Level 2.2 Dodging
 + Level 3.1 Stealth
 + Level 2.6 Spellcasting
 - Level 0.7 Transmutations
 * Level 4.9 Earth Magic


You had 2 spell levels left.
You knew the following spells:

 Your Spells              Type           Power      Damage    Failure   Level
a - Sandblast             Erth           34%        2d9       2%          1
b - Passwall              Tmut/Erth      9%         N/A       10%         2
c - Stone Arrow           Conj/Erth      20%        3d8       22%         3

Your spell library contained the following spells:

 Spells                   Type           Power      Damage    Failure   Level
 Corpse Rot               Necr/Air       N/A        N/A       30%         2
 Poisonous Vapours        Pois/Air       4%         N/A       30%         2
 Petrify                  Tmut/Erth      11%        N/A       52%         4
 Freezing Cloud           Conj/Ice/Air   1%         6-21      99%         5


Dungeon Overview and Level Annotations

Branches:
Dungeon (3/15)

Altars:
Kikubaaqudgha


Innate Abilities, Weirdness & Mutations

You are immune to sickness and miasma.
Your stone body is resilient. (AC +3)
You are immune to poison.
You resist negative energy. (rN+)
You are resistant to electric shocks. (rElec)
You are resistant to unholy torment.
You are immune to petrification.


Message History

You miss something. Something hits you. x2
You miss something. Something hits you.
You hit something.
You feel better.
You hear some strange, mumbled words.
A puff of flame appears from out of thin air!
The puff of flame misses you.
You miss something.
You hear some strange, mumbled words.
A puff of flame appears from out of thin air!
The puff of flame hits you. The orc barely misses you.
The endoplasm freezes you.
You are frozen.
You hear some strange, mumbled words.
You are confused.
Items here: )) ? †.
You are too injured to fight recklessly!
You are too injured to fight recklessly!
You are too injured to fight recklessly!
You are too injured to fight recklessly!
You are too injured to fight recklessly!
You are too injured to fight recklessly!
You are too injured to fight recklessly!
You are too injured to fight recklessly!
Found a faded altar of an unknown god.
The orc hits you but does no damage.
You hit the orc.
The orc is heavily wounded.
You miss something. You barely miss the endoplasm.
The endoplasm barely misses you. The orc hits you with a +0 short sword.
* * * LOW HITPOINT WARNING * * *
Something hits you.
* * * LOW HITPOINT WARNING * * *
You barely miss the orc.
The orc is heavily wounded.
You barely miss something. You barely miss the endoplasm.
The endoplasm freezes you.
You are frozen.
* * * LOW HITPOINT WARNING * * *
The orc hits you with a +0 short sword.
You die...

.##.#. #... ....#
... #...#.._..##. #.
...#...... #.
#..#..#.# #.
.......#
##.###.....#
#....#@...#..
#.†..)oJ......
#....#.....#.#
####.#.#.###
#.#.#... #.#.#####
#.#..
#.##################
#...................


You could see an orc and an endoplasm.

Vanquished Creatures
  3 adders
  4 gnolls (D:3)
  5 bats
  4 endoplasms
  A giant cockroach (D:2)
  3 goblins
  2 hobgoblins
  3 kobolds
  2 quokkas (D:2)
  5 ball pythons
  A frilled lizard (D:1)
33 creatures vanquished.

Notes
Turn   | Place    | Note
-------+----------+-------------------------------------------
     0 | D:1      | raph the Gargoyle Earth Elementalist began the quest for
                  | the Orb.
     0 | D:1      | Reached XP level 1. HP: 10/10 MP: 3/3
   176 | D:1      | Reached XP level 2. HP: 15/15 MP: 5/5
   740 | D:2      | Reached skill level 4 in Earth Magic
  1030 | D:2      | Found an ancient bone altar of Kikubaaqudgha.
  1105 | D:2      | Reached XP level 3. HP: 18/19 MP: 6/6
  1108 | D:2      | Learned a level 2 spell: Passwall
  1112 | D:2      | Learned a level 3 spell: Stone Arrow
  2201 | D:3      | Reached XP level 4. HP: 24/24 MP: 3/7
  2353 | D:3      | Found a faded altar of an unknown god.
  2355 | D:3      | Slain by an orc

Illustrated notes

Levels and vault maps discovered:
D:1:      tarquinn_simple_flora_water_a, layout_rooms
D:2:      layout_loops_corners, basic_altar
D:3:      layout_basic, hellmonk_ecumenical_altar_blasted

Skill      XL: |  1  2  3 |
---------------+----------+-----
Earth Magic    | 4 |  4.9
Dodging        | 2 |  2.2
Stealth        | 3 |  3.1
Spellcasting   | |  2.6
Transmutations | |  0.7

Action                   |  1- 3 |  4- 6 || total
-------------------------+-------+-------++-------
Melee: Hand axe          |    68 |    22 ||    90
 Cast: Sandblast         |    13 |     3 ||    16
 Stab: Sleeping          |     3 |       ||     3
Armor: Robe              |    33 |     4 ||    37
Dodge: Dodged            |    46 |    19 ||    65
